 Dungeon Crawl Stone Soup version 0.31-a0-1009-g454b1f1e0a (webtiles) character file.

Game seed: 2079545836217662130

2033774 magipi the Evocator (level 25, 245/245 HPs)
             Began as a Minotaur Monk on Nov 3, 2023.
             Was an Initiate of Gozag.
             Escaped with the Orb
             ... and 4 runes on Nov 14, 2023!
             The game lasted 04:51:13 (85048 turns).

magipi the Evocator (Minotaur Monk)                Turns: 85048, Time: 04:51:14

Health: 245/245    AC: 42    Str: 23 (24) XL:     25   Next: 81%
Magic:  22/22      EV: 16    Int:  9 (10) God:    Gozag
Gold:   6819       SH: 32    Dex: 16 (17) Spells: 24/24 levels left

rFire   + . .        a - +9 demon whip (freeze)
rCold   + . .        P - +6 tower shield {rC+}
rNeg    + . .        n - +10 storm dragon scales
rPois   +            Y - +2 hat
rElec   +            X - +2 cloak {Will+}
rCorr   +            O - +2 pair of gloves
SInv    .            G - +2 pair of boots {Stlth+}
Will    ++...        r - amulet of the Okapi {Reflect rCorr Int+3 Dex-2 Slay+6 SH+5} Stlth
                     F - ring of Owkewkat {Fly rF+}
HPRegen 0.60/turn    p - ring "Idghiful" {rPois rN+ Str+2 Stlth+}
MPRegen 0.18/turn

%: reflection
@: flying
A: horns 2, retaliatory headbutt, passive freeze, electricity resistance,
subdued magic 1
0: Orb of Zot
}: 4/15 runes: serpentine, barnacled, slimy, silver
a: Renounce Religion, Potion Petition, Call Merchant, Bribe Branch


You escaped.
You worshipped Gozag.
Gozag was greatly pleased with you.
You visited 11 branches of the dungeon, and saw 53 of its levels.
You also visited: Bailey.

You collected 28254 gold pieces.
You spent 7680 gold pieces at shops.
You paid 13755 gold pieces to Gozag.

Inventory:

Hand Weapons
 a - a +9 demon whip of freezing (weapon)
   (You took it off Amaemon on level 9 of the Dungeon)
Missiles
 k - 8 boomerangs
 y - 12 curare-tipped darts
 A - 16 javelins
 E - 7 silver javelins
 U - a throwing net (quivered)
Armour
 n - +10 storm dragon scales (worn)
   (You bought it in a shop on level 1 of the Snake Pit)
 G - a +2 pair of boots of stealth (worn)
   (You found it on level 1 of the Snake Pit)
 O - a +2 pair of gloves (worn)
   (You found it on level 1 of the Shoals)
 P - a +6 tower shield of cold resistance (worn)
   (You bought it in a shop on level 2 of the Orcish Mines)
 X - a +2 cloak of willpower (worn)
   (You bought it in a shop on level 1 of the Snake Pit)
 Y - a +2 hat (worn)
   (You found it on level 2 of the Snake Pit)
Jewellery
 f - the ring "Radeb" {rElec rF+}
   (You found it on level 5 of the Vaults)

   [ring of protection from fire]

   rF+:       It protects you from fire.
   rElec:     It insulates you from electricity.
 i - a ring of see invisible
   (You bought it in a shop on level 2 of the Orcish Mines)
 m - the ring of Oniumorph {Will+ rCorr Str+3 Dex-2}
   (You took it off a deep elf blademaster on level 3 of the Elven Halls)

   [ring of willpower]

   Str+3:     It affects your strength (+3).
   Dex-2:     It affects your dexterity (-2).
   Will+:     It increases your willpower.
   rCorr:     It protects you from acid and corrosion.
 p - the ring "Idghiful" (right hand) {rPois rN+ Str+2 Stlth+}
   (You found it on level 5 of the Vaults)

   [ring of poison resistance]

   Str+2:     It affects your strength (+2).
   rPois:     It protects you from poison rN+: It protects you from negative
   energy.
   Stlth+:    It makes you more stealthy.
 r - the amulet of the Okapi (around neck) {Reflect rCorr Int+3 Dex-2 Slay+6 SH+5}
   (You bought it in a shop on level 2 of the Orcish Mines)

   [amulet of reflection]

   Reflect:   It reflects blocked missile attacks.
   Int+3:     It affects your intelligence (+3).
   Dex-2:     It affects your dexterity (-2).
   Slay+6:    It affects your accuracy & damage with ranged weapons and melee
   (+6).
   rCorr:     It protects you from acid and corrosion.
   SH+5:      It affects your SH (+5).
 F - the ring of Owkewkat (left hand) {Fly rF+}
   (You bought it in a shop on level 3 of the Dungeon)

   [ring of flight]

   rF+:       It protects you from fire.
   Fly:       It grants you flight.
Wands
 d - a wand of digging (5)
   (You found it on level 3 of the Elven Halls)
 l - a wand of iceblast (41)
   (You took it off a deep elf zephyrmancer on level 3 of the Elven Halls)
 B - a wand of charming (36)
   (You found it on level 8 of the Dungeon)
 J - a wand of polymorph (33)
   (You found it on level 1 of the Snake Pit)
 Q - a wand of light (5)
   (You found it on level 3 of the Depths)
Scrolls
 b - 11 scrolls of noise
 c - a scroll of poison
 t - 5 scrolls of silence
 v - 6 scrolls of vulnerability
 w - 15 scrolls of immolation
 x - 19 scrolls of teleportation
 L - 9 scrolls of fear
 M - 7 scrolls of blinking
 N - 8 scrolls of fog
 S - 2 scrolls of enchant weapon
 T - 9 scrolls of revelation
 V - 3 scrolls of summoning
Potions
 g - 7 potions of cancellation
 j - 2 potions of berserk rage
 o - 4 potions of invisibility
 s - 10 potions of might
 z - 4 potions of magic
 C - 7 potions of resistance
 D - 2 potions of haste
 H - 6 potions of enlightenment
 I - 8 potions of lignification
 K - 2 potions of mutation
 R - 6 potions of heal wounds
 W - 24 potions of curing
 Z - 5 potions of ambrosia
Miscellaneous
 e - a tin of tremorstones (2/2)
   (You found it on level 5 of the Vaults)
 h - a phantom mirror
   (You found it on level 5 of the Vaults)
 q - a phial of floods
   (You found it on level 5 of the Lair of Beasts)
 u - a lightning rod (4/4)
   (You found it on level 4 of the Shoals)


   Skills:
 + Level 23.7 Fighting
 - Level 14.0 Maces & Flails
 - Level 21.0 Throwing
 - Level 20.0 Armour
 - Level 18.0 Dodging
 - Level 18.0 Shields
 + Level 24.9 Evocations


You had 24 spell levels left.
You didn't know any spells.
Your spell library contained the following spells:

 Spells                   Type           Power      Damage    Failure   Level
 Apportation              Tloc           0%         N/A       94%         1
 Foxfire                  Conj/Fire      0%         2x1d4     94%         1
 Freeze                   Ice            0%         1d3       94%         1
 Magic Dart               Conj           0%         1d3       94%         1
 Necrotise                Necr           0%         1d4       94%         1
 Shock                    Conj/Air       0%         1d3       94%         1
 Summon Small Mammal      Summ           0%         N/A       94%         1
 Blink                    Tloc           0%         N/A       98%         2
 Jinxbite                 Hex            0%         N/A       98%         2
 Lesser Beckoning         Tloc           0%         N/A       98%         2
 Scorch                   Fire           0%         2d5       98%         2
 Searing Ray              Conj           0%         2d4       98%         2
 Sublimation of Blood     Necr           0%         N/A       98%         2
 Wereblood                Tmut           0%         N/A       98%         2
 Dazzling Flash           Conj/Hex       0%         N/A       100%        3
 Frozen Ramparts          Ice            0%         1d1       100%        3
 Gell's Gravitas          Tloc           0%         N/A       100%        3
 Hailstorm                Conj/Ice       0%         3d3       100%        3
 Mephitic Cloud           Conj/Pois/Air  0%         N/A       100%        3
 Ozocubu's Armour         Ice            0%         N/A       100%        3
 Stone Arrow              Conj/Erth      0%         3d7       100%        3
 Summon Guardian Golem    Hex/Summ       0%         N/A       100%        3
 Swiftness                Air            0%         N/A       100%        3
 Teleport Other           Tloc           0%         N/A       100%        3
 Tukima's Dance           Hex            0%         N/A       100%        3
 Vampiric Draining        Necr           0%         2d6       100%        3
 Volatile Blastmotes      Fire/Tloc      0%         2d10      100%        3
 Airstrike                Air            0%         2d(0-16)  100%        4
 Animate Armour           Summ/Erth      0%         N/A       100%        4
 Dimensional Bullseye     Hex/Tloc       0%         N/A       100%        4
 Flame Wave               Conj/Fire      0%         2d4       100%        4
 Fulminant Prism          Conj/Hex       0%         3d5       100%        4
 Iskenderun's Mystic Bla  Conj/Tloc      0%         2d3       100%        4
 Manifold Assault         Tloc           0%         N/A       100%        4
 Petrify                  Tmut/Erth      0%         N/A       100%        4
 Sticky Flame             Conj/Fire      0%         2d3       100%        4
 Summon Ice Beast         Ice/Summ       0%         N/A       100%        4
 Vhi's Electric Charge    Tloc/Air       0%         N/A       100%        4
 Agony                    Necr           0%         N/A       100%        5
 Alistair's Intoxication  Tmut/Pois      0%         N/A       100%        5
 Arcjolt                  Conj/Air       0%         1d10      100%        5
 Freezing Cloud           Conj/Ice/Air   0%         6-21      100%        5
 Irradiate                Conj/Tmut      0%         3d11      100%        5
 Iskenderun's Battlesphe  Conj           0%         2d6       100%        5
 Metabolic Englaciation   Hex/Ice        0%         N/A       100%        5
 Summon Forest            Summ/Tloc      0%         N/A       100%        5
 Summon Mana Viper        Hex/Summ       0%         N/A       100%        5
 Bombard                  Conj/Erth      0%         9d1       100%        6
 Dispersal                Tloc           0%         N/A       100%        6
 Eringya's Noxious Bog    Tmut/Pois      0%         4d6       100%        6
 Plasma Beam              Fire/Air       0%         2x1d10    100%        6
 Starburst                Conj/Fire      0%         6d3       100%        6
 Summon Cactus Giant      Summ           0%         N/A       100%        6
 Malign Gateway           Summ/Tloc      0%         N/A       100%        7
 Monstrous Menagerie      Summ           0%         N/A       100%        7
 Ozocubu's Refrigeration  Ice            0%         4d7       100%        7
 Spellforged Servitor     Conj/Summ      0%         N/A       100%        7
 Summon Hydra             Summ           0%         N/A       100%        7
 Ignition                 Fire           0%         3d3       100%        8
 Lehudib's Crystal Spear  Conj/Erth      0%         10d2      100%        8
 Maxwell's Capacitive Co  Air            0%         ∞         100%        8
 Summon Horrible Things   Summ           0%         N/A       100%        8
 Polar Vortex             Ice            0%         N/A       100%        9
 Simulacrum               Ice/Necr       Unusable   N/A       N/A         6

Dungeon Overview and Level Annotations

Branches:
Dungeon (15/15)            Temple (1/1) D:4            Lair (5/5) D:11
 Shoals (4/4) Lair:3        Snake (4/4) Lair:2        Slime (5/5) Lair:5
    Orc (2/2) D:12            Elf (3/3) Orc:2        Vaults (5/5) D:14
  Crypt (0/3) Vaults:2     Depths (4/4) D:15            Zot (5/5) Depths:4
 Bailey (visited)

Altars:
Ashenzari
Cheibriados
Dithmenos
Elyvilon
Fedhas
Gozag
Hepliaklqana
Kikubaaqudgha
Makhleb
Nemelex Xobeh
Okawaru
Qazlal
Ru
Sif Muna
Trog
Uskayaw
Vehumet
Wu Jian
Xom
Yredelemnul
Zin
The Shining One
Jiyva

Shops:
D:1 !   D:3 (*   D:12 [   Orc:2 =?[?   Elf:1 *   Elf:2 !   Shoals:1 ?
Snake:1 ([   Vaults:1 (*   Vaults:2 (   Vaults:5 =

Portals:
Hell: Depths:1 Depths:2 Depths:3 Depths:4
Abyss: Depths:2 Depths:3
Pandemonium: Orc:2 Depths:2
Ziggurat: Depths:3

Annotations:
D:15 3 runed translucent doors, Icragani's ghost, journeyman TrCA; Qoixtez's ghost, adept OpSh
Lair:1 2 transporters
Lair:3 exclusion: oklob plant
Snake:2 2 transporters, Vuarud's ghost, journeyman FeSu
Elf:1 6 runed translucent doors
Elf:2 2 runed translucent doors
Zot:1 1 runed translucent door, Turgor's ghost, veteran DrSh
Zot:2 4 transporters


Innate Abilities, Weirdness & Mutations

You have a pair of horns on your head.
You reflexively headbutt those who attack you in melee.
A frigid envelope surrounds you and freezes all who hurt you.
You are resistant to electric shocks. (rElec)
Your spells are a little easier to cast, but a little less powerful.


Message History

There is a stone staircase leading down here.
There is a stone staircase leading up here.
You fly upwards.
There is a stone staircase leading down here.
Things that are here:
5 stones; a +0 club
There is a stone staircase leading up here.
You fly upwards.
There is a stone staircase leading down here.
There is an escape hatch in the ceiling here.
A mysterious force pulls you upwards. The hatch slams shut behind you.
There is a stone staircase leading up here.
You fly upwards.
There is a stone staircase leading down here.
There is a stone staircase leading up here.
You fly upwards.
There is a stone staircase leading down here.
You reach down and open the door.
There is an open door here.
A reaper comes into view.
It is wielding a +2 scythe of distortion.
The reaper moves out of view.
There is an open door here.
You reach down and close the door.
What level of the Dungeon? (default 1, ? - help)
Something unseen opens the door.
You sense a monster nearby.
What level of the Dungeon? (default 1, ? - help)
There is a stone staircase leading up here.
You fly upwards.
There is a stone staircase leading down here.
There is a stone staircase leading up here.
You fly upwards.
There is a stone staircase leading down here.
A cacodemon comes into view.
The cacodemon shouts!
You feel yourself speed up.
A sixfirhy comes into view.
You block the sixfirhy's attack.
Unknown command.
Unknown command.
Unknown command.
The sixfirhy completely misses you. The sixfirhy attacks as it pursues you!
The sixfirhy misses you. You block the sixfirhy's attack. x2
There is a stone staircase leading up here.
You thrash the cacodemon!! You freeze the cacodemon!
Your headbutt misses the cacodemon.
The cacodemon is moderately wounded.
You whack the cacodemon! You freeze the cacodemon!
Your headbutt misses the cacodemon.
The cacodemon is heavily wounded.
You block the cacodemon's attack. x2
You whack the cacodemon! You freeze the cacodemon.
The cacodemon is severely wounded.
You thrash the cacodemon!! You freeze the cacodemon.
You headbutt the cacodemon, but do no damage.
The cacodemon is almost dead.
You block the cacodemon's attack. x2
You barely miss the cacodemon.
The cacodemon is almost dead.
You thrash the cacodemon!! You freeze the cacodemon.
You kill the cacodemon!
You whack the sixfirhy! You freeze the sixfirhy. You headbutt the sixfirhy!
The sixfirhy is severely wounded.
You block the sixfirhy's attack. x2
You hit the sixfirhy. You freeze the sixfirhy. You headbutt the sixfirhy.
You kill the sixfirhy!
You now have 6799 gold pieces (gained 5).
You now have 6813 gold pieces (gained 14).
There is a stone staircase leading up here.
What level of the Dungeon? (default 1, ? - help)
You fly upwards.
There is a stone staircase leading down here.
A smoke demon comes into view.
Unknown command.
Your extra speed is starting to run out.
You thrash the smoke demon!! You freeze the smoke demon.
You headbutt the smoke demon!!
The smoke demon is almost dead.
You block the smoke demon's attack. The smoke demon completely misses you.
You block the smoke demon's attack.
You thrash the smoke demon!! You freeze the smoke demon.
You kill the smoke demon!
You now have 6819 gold pieces (gained 6).
Okay, then.
You feel yourself slow down.
There is an open door here.
Aiming: Dig
Press: ? - help, Shift-Dir - straight line A rock wall.
This square is covered in magical glow.
The rock shatters into small pieces.
There is an open door here.
There is a staircase leading out of the dungeon here.
Unknown command.
Unknown command.
Unknown command.
Unknown command.
Unknown command.
You have escaped!

...###..#.......#........#
##......#.......#........#
#.###.##...##########...#
##.# #.##...#...'....#...#
...###.##...#...#....#...#
.......##...#...#....#...#
#########'###'###....#...#
### ##.#...#..#####'###'#
..# ##..#...#..'@#...#...#
..###..........###...#...#
....'...#......#.....#...#
..###...#......#.....#...###
#.# ##..#......'.....#...#.#
#.# ##.##############...#.#
..# ##...# #.........#.# ###
##'## ###.........#.# #.#
#.'.........#.#


There were no monsters in sight!

Vanquished Creatures
  the Royal Jelly (Slime:5)
  2 orbs of fire (Zot:4)
  An ancient lich (Zot:4)
  2 Killer Klowns
  Josephina (Zot:1)
  Vv (Depths:3)
  3 curse toes
  Xtahua (Vaults:5)
  2 caustic shrikes (Depths:1)
  5 golden dragons
  Nikola (Vaults:1)
  An electric golem (Zot:5)
  20 tentacled monstrosities
  19 Orb Guardians
  3 liches
  A walking frostbound tome (Depths:4)
  8 quicksilver dragons
  5 titans
  A walking earthen tome (Depths:2)
  14 acid blobs
  A deep elf blademaster (Elf:3)
  An ancient champion (Vaults:2)
  2 deep elf master archers (Elf:3)
  A quicksilver dragon (shapeshifter) (Vaults:5)
  3 sphinxes
  3 shadow dragons
  8 death cobs
  7 azure jellies
  20 storm dragons
  7 tengu reavers
  4 draconian monks
  8 nagarajas
  16 rockslimes
  4 iron dragons
  10 frost giants
  7 draconian knights
  10 vault wardens
  5 draconian scorchers
  6 deep elf sorcerers
  5 orc warlords
  3 ghost moths
  6 fire giants
  4 deep elf elementalists
  A ghoul (Vaults:2)
  A cacodemon (D:2)
  A draconian stormcaller (Zot:2)
  8 draconian shifters
  15 quicksilver oozes
  16 very ugly things
  9 ironbound thunderhulks
  A reaper (Depths:2)
  12 ironbound preservers
  4 spriggan defenders
  12 green draconians
  4 vampire knights
  5 formless jellyfish
  10 stone giants
  6 draconian annihilators (Zot:4)
  7 deep elf demonologists
  Azrael (D:15)
  6 white draconians
  8 deep elf annihilators (Elf:3)
  7 red draconians
  23 yellow draconians
  A minotaur (Lair:3)
  8 spark wasps
  9 dire elephants
  14 black draconians
  8 purple draconians
  A spark wasp (shapeshifter) (Vaults:5)
  10 ettins
  8 deep elf death magi
  3 jiangshi (Depths:2)
  3 merfolk javelineers
  9 merfolk impalers
  3 entropy weavers
  9 fire dragons
  9 yaktaur captains
  The ghost of adozu the Martial Artist, a journeyman DsSh of Yredelemnul (Lair:3)
  A crystal guardian (Vaults:3)
  7 deep elf high priests
  14 great orbs of eyes
  2 demonspawn (Orc:2)
  3 salamander tyrants (Snake:3)
  2 peacekeepers (Vaults:3)
  15 ice dragons
  29 vault guards
  10 hydras
  2 ogre magi
  A hell beast (Depths:1)
  2 merfolk avatars (Shoals:4)
  6 anacondas
  4 rakshasas
  11 centaur warriors
  6 ironbound frosthearts
  7 spriggan air magi
  4 merfolk aquamancers
  A death knight (Vaults:2)
  3 satyrs
  4 boulder beetles
  2 two-headed ogres (D:10)
  12 naga warriors
  6 tengu warriors
  3 death yaks (Lair:5)
  15 dancing weapons
  2 alligator snapping turtles
  Urug (Orc:1)
  A titan zombie (Depths:2)
  8 deep troll earth magi
  12 orc high priests
  6 spriggan berserkers
  2 occultists (Depths:2)
  3 vampire magi
  5 deep troll shamans
  7 sun demons (Depths:1)
  A shock serpent (shapeshifter) (D:13)
  18 deep elf knights
  16 naga sharpshooters
  7 shock serpents
  7 skysharks
  Amaemon (D:9)
  2 goliath frogs (Lair:5)
  A sixfirhy (D:2)
  6 iron trolls
  12 sea snakes
  7 glowing orange brains
  46 deep trolls
  14 salamander mystics
  2 spriggan druids (Depths:1)
  A flayed ghost (Depths:3)
  15 deep elf archers
  6 naga ritualists
  5 arcanists
  10 orc knights
  Pikel (D:6)
  10 lindwurms
  19 harpies
  15 ironbound convokers
  26 deep elf pyromancers
  5 necromancers
  5 shining eyes
  12 mana vipers
  A wolf spider (D:15)
  4 phantasmal warriors
  2 fire giant zombies (Depths:2)
  4 orc sorcerers (Orc:2)
  16 deep elf zephyrmancers
  2 human zombies (Vaults:1)
  4 cyclopes
  A sphinx simulacrum (Vaults:1)
  33 ugly things
  15 manticores
  25 fauns
  18 moths of wrath
  A rust devil (Orc:2)
  A moth of wrath (shapeshifter) (Depths:1)
  7 water nymphs
  8 merfolk sirens
  22 salamanders
  An elephant (shapeshifter) (Vaults:5)
  6 elephants (Lair:4)
  18 vault sentinels
  41 black mambas
  A torpor snail (Lair:2)
  11 guardian serpents
  A torpor snail (shapeshifter) (Vaults:5)
  2 smoke demons
  An elf zombie (Vaults:1)
  19 naga magi
  An orange demon (D:9)
  2 gargoyles
  3 eyes of devastation
  7 unseen horrors
  A rime drake (Lair:4)
  21 cane toads
  A storm dragon simulacrum (Zot:1)
  3 large abominations (Depths:3)
  7 komodo dragons
  2 tengu conjurers
  A hellion (Depths:1)
  2 efreet
  A freezing wraith (Vaults:5)
  23 yaktaurs
  An ice devil (Orc:2)
  A yaktaur (shapeshifter) (Depths:1)
  24 merfolk
  4 hornets
  8 trolls
  A tyrant leech (Lair:5)
  A tyrant leech (shapeshifter) (Vaults:5)
  4 hellwings
  2 polar bears
  A wolf spider simulacrum (D:12)
  3 tarantellas (shapeshifter)
  7 wind drakes
  14 blink frogs (Lair:5)
  A glass eye (Depths:2)
  6 snapping turtles
  3 dream sheep (Shoals:1)
  83 slime creatures
  A snapping turtle (shapeshifter) (Vaults:4)
  A culicivora (shapeshifter) (Elf:2)
  A draconian simulacrum (Zot:1)
  2 ettin skeletons
  An air elemental (Elf:1)
  2 vampires
  24 water elementals
  Sigmund (D:2)
  A spriggan (shapeshifter) (Vaults:4)
  54 yaks
  4 spriggans
  5 wraiths
  3 wyverns
  7 fire elementals
  8 basilisks
  4 chaos spawn
  Grum (D:8)
  5 golden eyes (Slime:5)
  16 vampire mosquitoes
  3 redbacks
  4 wargs
  A black draconian simulacrum (Zot:1)
  52 nagas
  A glowing shapeshifter skeleton (Depths:2)
  5 hell hounds (D:15)
  13 water moccasins
  A moth of wrath simulacrum (Zot:1)
  41 orc warriors
  A sky beast (D:7)
  6 black bears
  8 boggarts
  19 wolves
  An ogre (D:6)
  7 centaurs
  A lemure (D:6)
  A phantom (D:5)
  5 kobold brigands
  A scorpion (shapeshifter) (Vaults:5)
  22 bullfrogs
  An earth elemental (Elf:2)
  3 scorpions
  4 small abominations (Depths:3)
  9 wights
  9 killer bees
  A troll skeleton (D:13)
  3 howler monkeys
  5 spriggan skeletons (D:13)
  An electric eel (Lair:5)
  5 jellies (Lair:5)
  Crazy Yiuf (D:2)
  28 orc priests
  3 hounds
  4 iguanas
  20 orc wizards
  2 human simulacra (D:9)
  9 adders
  A white imp (D:7)
  2 worms (D:2)
  2 dart slugs (D:1)
  74 orcs
  4 ball pythons
  3 bats
  5 endoplasms
  A giant cockroach (D:7)
  7 goblins
  5 hobgoblins
  3 jackals (D:2)
  5 frilled lizards
  23 kobolds
  4 rats
2060 creatures vanquished.

Vanquished Creatures (collateral kills)
  3 Killer Klowns
  An electric golem (Zot:5)
  A tentacled monstrosity (Vaults:5)
  2 Orb Guardians (Zot:5)
  A titan (Vaults:5)
  3 shadow dragons
  A storm dragon (Zot:5)
  A draconian knight (Zot:5)
  A fire giant (Zot:4)
  An iron dragon (Zot:5)
  2 vault wardens (Vaults:5)
  2 black draconians (Zot:5)
  A deep elf annihilator (Vaults:5)
  A purple draconian (Zot:5)
  2 yellow draconians (Zot:5)
  A red draconian (Zot:5)
  3 ettins (Vaults:5)
  2 yaktaur captains (Vaults:5)
  An alligator snapping turtle (Shoals:1)
  A hell knight (Vaults:5)
  A deep troll (Vaults:5)
  A harpy (Vaults:5)
  A vault sentinel (Vaults:5)
  A freezing wraith (Vaults:5)
  A tarantella (shapeshifter) (Vaults:5)
  An orc warrior (Vaults:5)
  2 orc priests (Vaults:5)
  2 orc wizards (Vaults:5)
  2 orcs (Vaults:5)
43 creatures vanquished.

Vanquished Creatures (others)
  2 dread liches
  2 orbs of fire (Zot:5)
  An ancient lich (Zot:5)
  Saint Roka (Vaults:5)
  Vashnia (Snake:4)
  A tentacled monstrosity (Zot:5)
  4 Orb Guardians (Zot:5)
  2 titans (Vaults:5)
  A deep elf blademaster (Elf:3)
  A death cob (Zot:5)
  A sphinx (Vaults:5)
  A fire giant (Depths:2)
  2 draconian scorchers (Zot:5)
  A draconian annihilator (Zot:5)
  An ironbound preserver (Vaults:5)
  A vault warden (Vaults:5)
  A formless jellyfish (Vaults:2)
  A war gargoyle (Vaults:5)
  A deep elf demonologist (Vaults:5)
  A stone giant (Vaults:5)
  A yellow draconian (Zot:5)
  A white draconian (Zot:5)
  A purple draconian (Zot:5)
  A yaktaur captain (Vaults:5)
  A deep elf knight (Elf:3)
  2 deep trolls
  A glowing orange brain (shapeshifter) (Vaults:5)
  2 ironbound convokers
  2 orc knights (Vaults:5)
  A phantasmal warrior (Vaults:5)
  2 deep elf pyromancers
  A deep elf zephyrmancer (Elf:1)
  A wolf spider (shapeshifter) (Vaults:5)
  2 moths of wrath
  A yaktaur (Vaults:1)
  A freezing wraith (Vaults:5)
  An orc warrior (Vaults:5)
  An ogre (Vaults:5)
  A wight (D:9)
  An orc wizard (Vaults:5)
  8 orcs (Vaults:5)
  5 tentacles (Shoals:1)
65 creatures vanquished.

Grand Total: 2168 creatures vanquished

Notes
Turn   | Place    | Note
-------+----------+-------------------------------------------
     0 | D:1      | magipi the Minotaur Monk began the quest for the Orb.
     0 | D:1      | Reached XP level 1. HP: 19/19 MP: 0/0
   267 | D:1      | Found Ydeira's Distillery.
   451 | D:1      | You fall into a shaft and drop 1 floor!
   469 | D:2      | Reached XP level 2. HP: 27/27 MP: 1/1
   547 | D:2      | Noticed Sigmund
   569 | D:2      | Killed Sigmund
   570 | D:2      | Reached skill level 5 in Fighting
   570 | D:2      | Reached XP level 3. HP: 18/36 MP: 2/2
   570 | D:2      | Reached XP level 4. HP: 21/42 MP: 3/3
   570 | D:2      | Reached XP level 5. HP: 24/48 MP: 4/4
  1195 | D:2      | Found a runed translucent door.
  1196 | D:2      | Noticed Crazy Yiuf
  1837 | D:1      | Bought a potion of curing for 42 gold pieces
  2056 | D:3      | Reached XP level 6. HP: 56/56 MP: 5/5
  2108 | D:3      | Found Xumyl's General Store.
  2125 | D:3      | Bought a scroll of identify for 20 gold pieces
  2207 | D:3      | Found Enec Rehe's Antique Weapon Emporium.
  2524 | D:4      | Found a staircase to the Ecumenical Temple.
  2533 | Temple   | Entered the Ecumenical Temple
  2551 | Temple   | Became a worshipper of Gozag Ym Sagoz the Greedy
  2641 | D:4      | Found an ornate altar of the Wu Jian Council.
  3547 | D:3      | Bought a morningstar for 108 gold pieces
  3602 | D:5      | Entered Level 5 of the Dungeon
  3621 | D:5      | Reached skill level 1 in Armour
  4096 | D:5      | Reached XP level 7. HP: 63/63 MP: 6/6
  4554 | D:6      | Found a stormy altar of Qazlal.
  4568 | D:6      | Found a white marble altar of Elyvilon.
  4937 | D:6      | Reached XP level 8. HP: 71/71 MP: 7/7
  5148 | D:6      | Noticed Pikel
  5164 | D:6      | Killed Pikel
  5165 | D:6      | Reached skill level 10 in Maces & Flails
  5165 | D:6      | Reached skill level 5 in Armour
  5465 | D:7      | Found a sacrificial altar of Ru.
  5694 | D:7      | Found a flagged portal.
  5818 | D:7      | Noticed a troll
  5827 | D:7      | Killed a troll
  5828 | D:7      | Reached XP level 9. HP: 81/81 MP: 8/8
  5952 | Bailey   | Entered a bailey
  6141 | Bailey   | Noticed an orc knight
  6716 | D:8      | Noticed Grum
  6892 | D:8      | Killed Grum
  8088 | D:9      | Reached XP level 10. HP: 86/86 MP: 9/9
  8440 | D:9      | Reached skill level 1 in Evocations
  8474 | D:9      | Found an iron altar of Okawaru.
  8752 | D:9      | Noticed Amaemon
  8795 | D:9      | Killed Amaemon
  8796 | D:9      | Reached skill level 10 in Fighting
  8796 | D:9      | Reached skill level 3 in Evocations
  8913 | D:9      | Noticed an orange demon
  8920 | D:9      | Killed an orange demon
  8921 | D:9      | Reached skill level 4 in Evocations
  9048 | D:9      | Noticed a two-headed ogre
  9114 | D:10     | Entered Level 10 of the Dungeon
  9186 | D:10     | Noticed a two-headed ogre
  9192 | D:10     | Killed a two-headed ogre
  9193 | D:10     | Reached skill level 5 in Evocations
  9392 | D:10     | Reached skill level 6 in Evocations
  9494 | D:10     | Noticed a two-headed ogre
  9507 | D:10     | Killed a two-headed ogre
  9639 | D:10     | Reached skill level 7 in Evocations
  9811 | D:10     | Found a sparkling altar of Nemelex Xobeh.
  9852 | D:10     | Reached XP level 11. HP: 94/99 MP: 10/10
 10069 | D:11     | Reached skill level 8 in Evocations
 10195 | D:11     | Found a staircase to the Lair.
 10432 | D:11     | Reached skill level 9 in Evocations
 10966 | D:3      | Bought a potion of curing for 30 gold pieces
 10966 | D:3      | Bought a potion of heal wounds for 50 gold pieces
 10966 | D:3      | Bought the ring of Owkewkat {Fly rF+} for 315 gold pieces
 11007 | D:1      | Bought a potion of cancellation for 112 gold pieces
 11007 | D:1      | Bought a potion of heal wounds for 70 gold pieces
 11007 | D:1      | Bought a potion of might for 56 gold pieces
 11007 | D:1      | Bought a potion of curing for 42 gold pieces
 11007 | D:1      | Bought a potion of attraction for 42 gold pieces
 11238 | Lair:1   | Entered Level 1 of the Lair of Beasts
 11238 | Lair:1   | Found a transporter.
 11250 | Lair:1   | Noticed a swamp dragon
 11322 | Lair:1   | Reached skill level 10 in Evocations
 11383 | Lair:1   | Found a transporter.
 11805 | Lair:1   | Reached skill level 5 in Dodging
 12402 | Lair:2   | Reached skill level 10 in Armour
 12563 | Lair:2   | Reached XP level 12. HP: 95/106 MP: 11/11
 12688 | Lair:2   | Found a staircase to the Snake Pit.
 14516 | Lair:3   | Found a runed translucent gate.
 14518 | Lair:3   | Found a runed translucent gate.
 14519 | Lair:3   | Found a runed translucent gate.
 14520 | Lair:3   | Noticed adozu's ghost (journeyman DsSh)
 14520 | Lair:3   | Noticed a minotaur
 14524 | Lair:3   | Noticed an eight-headed hydra
 14618 | Lair:3   | Found a staircase to the Shoals.
 15161 | Lair:4   | Reached skill level 10 in Dodging
 15466 | Lair:4   | Noticed a six-headed hydra
 15475 | Lair:4   | Killed a six-headed hydra
 15476 | Lair:4   | Reached skill level 1 in Throwing
 15476 | Lair:4   | Reached skill level 11 in Evocations
 15625 | Lair:4   | Noticed a seven-headed hydra
 15645 | Lair:4   | Killed a seven-headed hydra
 15686 | Lair:4   | Noticed a five-headed hydra
 15693 | Lair:4   | Killed a five-headed hydra
 15694 | Lair:4   | Reached XP level 13. HP: 83/113 MP: 12/12
 16219 | Lair:5   | Entered Level 5 of the Lair of Beasts
 16333 | Lair:5   | Found a viscous altar of Jiyva.
 16341 | Lair:4   | Reached skill level 5 in Throwing
 17569 | Lair:5   | Reached skill level 10 in Throwing
 18519 | Lair:5   | Found a staircase to the Slime Pits.
 18623 | Lair:5   | Reached XP level 14. HP: 103/121 MP: 13/13
 18845 | Lair:5   | Identified the +2 spear of the Key {drain, rF++ rN+ Str+2
                  | Dex-4}
 18948 | Lair:5   | Identified the +4 scale mail of Oblivion {Regen+ Dex+2}
 19483 | D:12     | Found a staircase to the Orcish Mines.
 19484 | D:12     | Found Gasaan's Armour Boutique.
 19651 | D:12     | Identified the orb "Fewkompu" {mayhem, rCorr Int-2 Dex+2}
 19895 | D:12     | Found a hazy altar of Hepliaklqana.
 20057 | Orc:1    | Entered Level 1 of the Orcish Mines
 20057 | Orc:1    | Noticed Urug
 20078 | Orc:1    | Killed Urug
 20260 | Orc:2    | Entered Level 2 of the Orcish Mines
 20394 | Orc:2    | Found a staircase to the Elven Halls.
 20668 | Orc:2    | Noticed an orc warlord
 21347 | Orc:2    | Killed an orc warlord
 21869 | Orc:2    | Found Toimmifo's Magic Scroll Shop.
 21871 | Orc:2    | Found Tuebex's Magic Scroll Boutique.
 22010 | Orc:2    | Bought a scroll of blinking for 97 gold pieces
 22010 | Orc:2    | Bought a scroll of teleportation for 39 gold pieces
 22010 | Orc:2    | Bought a scroll of teleportation for 39 gold pieces
 22010 | Orc:2    | Bought a scroll of fear for 52 gold pieces
 22010 | Orc:2    | Bought a scroll of fog for 52 gold pieces
 22010 | Orc:2    | Bought a scroll of fear for 52 gold pieces
 22012 | Orc:2    | Bought a scroll of enchant weapon for 112 gold pieces
 22084 | Orc:2    | HP: 6/127 [sun demon[an orc high priest] (19)]
 22552 | Orc:2    | Found Xeajim's Antique Armour Shoppe.
 22552 | Orc:2    | Found Gijoanumn's Jewellery Emporium.
 22552 | Orc:2    | Found a one-way gate leading to the halls of Pandemonium.
 22572 | Orc:2    | Bought a shiny tower shield for 225 gold pieces
 22574 | Orc:2    | Bought the amulet of the Okapi {Reflect rCorr Int+3 Dex-2
                  | Slay+6 SH+5} for 1188 gold pieces
 22574 | Orc:2    | Bought a ring of see invisible for 255 gold pieces
 22877 | D:2      | Killed Crazy Yiuf
 23373 | D:13     | Reached skill level 1 in Shields
 23373 | D:13     | Reached skill level 12 in Evocations
 23915 | D:14     | Reached XP level 15. HP: 136/136 MP: 14/14
 24134 | D:14     | Reached skill level 5 in Shields
 24610 | D:14     | Found a gate to the Vaults.
 25223 | D:15     | Entered Level 15 of the Dungeon
 25323 | D:15     | Found a runed translucent gate.
 25324 | D:15     | Found a runed translucent gate.
 25325 | D:15     | Found a runed translucent gate.
 25327 | D:15     | Noticed Icragani's ghost (journeyman TrCA)
 25327 | D:15     | Noticed Qoixtez's ghost (adept OpSh)
 25670 | D:15     | Found a staircase to the Depths.
 25799 | D:15     | Noticed Azrael
 25818 | D:15     | Killed Azrael
 25868 | D:15     | Reached skill level 10 in Shields
 26037 | D:15     | Found a basalt altar of Yredelemnul.
 26783 | Lair:3   | Killed adozu's ghost
 26795 | Lair:3   | Identified the +0 hat of a wizard's laboratory {rF- rCorr
                  | Int+5 Dex+3}
 26968 | Orc:2    | Bought a glowing chain mail for 225 gold pieces
 26968 | Orc:2    | Bought a runed chain mail for 225 gold pieces
 27186 | Shoals:1 | Entered Level 1 of the Shoals
 27736 | Shoals:1 | Found Xuis's Magic Scroll Emporium.
 28499 | Shoals:1 | Noticed a kraken
 28727 | Shoals:2 | Reached XP level 16. HP: 74/144 MP: 15/15
 30637 | Shoals:4 | Identified the "Bontywka"
 30637 | Shoals:4 | Entered Level 4 of the Shoals
 33179 | Shoals:4 | Reached skill level 15 in Shields
 33839 | Shoals:4 | Got a barnacled rune of Zot
 34466 | Snake:1  | Entered Level 1 of the Snake Pit
 34639 | Snake:1  | Reached XP level 17. HP: 152/152 MP: 16/16
 34863 | Snake:1  | Reached skill level 13 in Evocations
 35311 | Snake:1  | Found a transporter.
 35311 | Snake:1  | Found a transporter.
 35376 | Snake:1  | Found Foih's Antique Armour Emporium.
 35437 | Snake:1  | Found Zoac's Weapon Shoppe.
 35513 | Snake:1  | Bought a runed cloak for 262 gold pieces
 36123 | Snake:2  | Found a transporter.
 36168 | Snake:2  | Noticed Vuarud's ghost (journeyman FeSu)
 36359 | Snake:2  | Found a transporter.
 37448 | Snake:3  | Upgraded the game from 0.31-a0-986-g5e6e4ef867 to
                  | 0.31-a0-988-g08d55dae12
 38030 | Snake:3  | Reached skill level 15 in Throwing
 38033 | Snake:3  | Reached skill level 15 in Armour
 38398 | Snake:3  | Identified a scroll of acquirement
 38406 | Snake:3  | Acquired 742 gold pieces
 38468 | Snake:3  | Reached skill level 14 in Evocations
 39514 | Snake:4  | Entered Level 4 of the Snake Pit
 39693 | Snake:4  | Reached XP level 18. HP: 160/160 MP: 17/17
 40296 | Snake:4  | Reached skill level 15 in Evocations
 40321 | Snake:4  | Noticed Vashnia
 40365 | Snake:4  | Killed Vashnia
 41078 | Snake:4  | Got a serpentine rune of Zot
 41378 | Snake:1  | Reached skill level 16 in Evocations
 41725 | Vaults:5 | Identified the of Jirit
 41725 | Elf:1    | Entered Level 1 of the Elven Halls
 41979 | Elf:1    | Found Wahuip's General Store.
 42332 | Elf:1    | Identified the +3 dagger of Res Ipsa Loquitur {venom, rPois
                  | Dex+5}
 42371 | Elf:1    | Reached skill level 15 in Fighting
 42397 | Elf:1    | Found a runed translucent gate.
 42397 | Elf:1    | Found a runed translucent gate.
 42397 | Elf:1    | Found a runed translucent gate.
 42397 | Elf:1    | Found a runed translucent gate.
 42397 | Elf:1    | Found a runed translucent gate.
 42399 | Elf:1    | Found a runed translucent gate.
 42885 | Elf:2    | Identified the +4 ring mail of Nuag {Dex+3}
 43009 | Elf:2    | Identified the +0 chain mail "Helys" {rCorr}
 43301 | Elf:2    | Found Voplu's Distillery.
 43389 | Elf:2    | Bought a potion of might for 68 gold pieces
 43389 | Elf:2    | Bought a potion of curing for 51 gold pieces
 43565 | Elf:2    | Found a runed translucent gate.
 43565 | Elf:2    | Found a runed translucent gate.
 43604 | Elf:3    | Identified the "Sujue"
 43604 | Elf:3    | Entered Level 3 of the Elven Halls
 43681 | Elf:3    | Reached XP level 19. HP: 172/172 MP: 18/18
 43782 | Elf:3    | Reached skill level 17 in Evocations
 44291 | Elf:3    | Identified the scarf of Utyrru Ytac {shadows, Contam rN+++
                  | Slay+5 SInv}
 44669 | Elf:3    | Identified the +0 crystal plate armour of Kemuste {Str+3}
 45011 | Elf:3    | Reached skill level 18 in Evocations
 45528 | Elf:3    | Identified the ring "Zoqerut" {rElec rF- Will+++ AC+4
                  | Stlth-}
 45866 | Elf:3    | Identified the ring of Oniumorph {Will+ rCorr Str+3 Dex-2}
 45910 | Elf:3    | Identified the +1 hand axe "Ciulut" {spect, rN+ MP+9 Str-3
                  | SInv}
 46129 | Elf:3    | Identified the +2 leather armour of Qenuxkeugo {rElec Str-2
                  | Int-2 Dex+9}
 46403 | Elf:3    | Identified the +9 arbalest of Joyful Slaughter {flame, Fly
                  | Will+}
 46485 | Elf:3    | Identified the +4 ring mail of the Wasteland {rN+}
 46676 | Elf:3    | Identified the staff "Bays" {rElec rCorr Str+5 Dex-3 Earth}
 46734 | Elf:3    | Identified the staff "Najacit" {rF+ MP+9 Fire}
 47575 | Vaults:1 | Entered Level 1 of the Vaults
 47581 | Vaults:1 | Found Riyn's General Store.
 47585 | Vaults:1 | Bought a potion of heal wounds for 95 gold pieces
 48046 | Vaults:1 | Identified the +9 short sword of Chance {antimagic, rElec
                  | rPois Str+2}
 49025 | Vaults:1 | Noticed Nikola
 49043 | Vaults:1 | Killed Nikola
 49484 | Vaults:1 | Reached XP level 20. HP: 174/184 MP: 19/19
 49547 | Vaults:1 | Found Unacrequ's Antique Weapon Emporium.
 49734 | Vaults:2 | Identified the +3 ring mail of Okawaru, Muttering {Rampage
                  | Regen+ Str+8 Int-2}
 50024 | Vaults:2 | Found Jauvvicw's Antique Weapon Shop.
 50051 | Vaults:2 | Found a staircase to the Crypt.
 51054 | Vaults:2 | HP: 8/184 [ironbound thunderhulk/bolt of lightning[a vault
                  | warden] (29)]
 51441 | Vaults:2 | Paralysed by a formless jellyfish for 1 turns
 52859 | Vaults:3 | Reached skill level 19 in Evocations
 53651 | Vaults:3 | Reached skill level 15 in Dodging
 54636 | Vaults:4 | Reached XP level 21. HP: 59/195 MP: 20/20
 54946 | Vaults:4 | Identified the staff of the Evening {Int+5 Earth}
 54961 | Vaults:4 | Identified the +3 scale mail of Calculation {Dex+5}
 55832 | Vaults:4 | Upgraded the game from 0.31-a0-988-g08d55dae12 to
                  | 0.31-a0-995-g04711c9635
 56088 | Snake:1  | Bought shiny storm dragon scales for 2905 gold pieces
 56530 | Depths:1 | Entered Level 1 of the Depths
 56821 | Depths:1 | Found a gateway to Hell.
 57246 | Depths:1 | Noticed a caustic shrike
 57251 | Depths:1 | Noticed a caustic shrike
 57257 | Depths:1 | Killed a caustic shrike
 57276 | Depths:1 | Killed a caustic shrike
 57738 | Depths:2 | Found a one-way gate to the infinite horrors of the Abyss.
 57894 | Depths:2 | Found a white marble altar of Elyvilon.
 57894 | Depths:2 | Found a glowing silver altar of Zin.
 57895 | Depths:2 | Found a glowing golden altar of the Shining One.
 58968 | Depths:2 | Identified the +1 sling of the Throat {freeze, Fragile
                  | rPois rF+++ rCorr}
 59728 | Depths:3 | Found a one-way gateway to a ziggurat.
 59960 | Depths:3 | Reached skill level 20 in Evocations
 59960 | Depths:3 | Reached XP level 22. HP: 197/209 MP: 21/21
 60751 | Depths:3 | Noticed a golden dragon
 60766 | Depths:3 | Killed a golden dragon
 61244 | Depths:3 | Reached skill level 21 in Evocations
 62198 | Depths:3 | Upgraded the game from 0.31-a0-995-g04711c9635 to
                  | 0.31-a0-997-g9a2f3ffc92
 62210 | Depths:4 | Entered Level 4 of the Depths
 62247 | Depths:4 | Noticed Vv
 62573 | Depths:3 | Killed Vv
 63321 | Depths:4 | Found a shimmering blue altar of Sif Muna.
 64403 | Depths:4 | Found a gate to the Realm of Zot.
 64921 | Depths:4 | Noticed a golden dragon
 64934 | Depths:4 | Killed a golden dragon
 65337 | Slime:1  | Entered Level 1 of the Pits of Slime
 65396 | Lair:5   | Reached XP level 23. HP: 207/215 MP: 22/22
 65709 | Slime:4  | Gained mutation: Your magical capacity is low. (-10% MP) [a
                  | shining eye]
 65710 | Slime:4  | Gained mutation: Your body sometimes deteriorates upon
                  | taking damage. [a shining eye]
 65714 | Slime:4  | Paralysed by a formless jellyfish for 1 turns
 65943 | Slime:5  | Identified the of Ejise
 65943 | Slime:5  | Entered Level 5 of the Pits of Slime
 66628 | Slime:5  | Upgraded the game from 0.31-a0-997-g9a2f3ffc92 to
                  | 0.31-a0-1001-g770356a28f
 66651 | Slime:5  | Noticed the Royal Jelly
 66659 | Slime:5  | Killed the Royal Jelly
 66948 | Slime:5  | Identified the +9 great sword of Finioti {heavy, rC+ rN+
                  | Int+3}
 66970 | Slime:5  | Identified the +1 scale mail "Kuujyosu" {rF+ rN++}
 66979 | Slime:5  | Got a slimy rune of Zot
 67029 | Slime:5  | Identified the +8 glaive of Defiance {heavy, rElec rPois
                  | rC- Str+5}
 67044 | Slime:5  | Identified the +10 spear of Wu Jian's Whim {flame, Fragile
                  | Dex+4}
 67099 | Slime:5  | Identified the +8 falchion "Cocaot" {holy, *Corrode rElec
                  | Int+6}
 67109 | Slime:5  | Identified the +10 battleaxe of the Snake Pit {flame, rF+}
 67111 | Slime:5  | Identified the +4 long sword "Dycaiw" {chaos, Int+2}
 67807 | Vaults:5 | Entered Level 5 of the Vaults
 69337 | Vaults:5 | Found Vonou's Jewellery Shop.
 69538 | Vaults:5 | Identified the +13 plate armour "Holaybro" {Harm rElec
                  | Int-2 Dex+3}
 69775 | Vaults:5 | Identified the +2 arbalest of the Usurping Penguin {flame,
                  | Fly rF+ Str-4 Int+3}
 69870 | Vaults:5 | Identified the ring "Radeb" {rElec rF+}
 69916 | Vaults:5 | Noticed a dread lich
 69971 | Vaults:5 | Noticed Saint Roka
 70049 | Vaults:5 | Identified the ring "Idghiful" {rPois rN+ Str+2 Stlth+}
 70064 | Vaults:5 | Got a silver rune of Zot
 70134 | Vaults:5 | Noticed Xtahua
 70145 | Vaults:5 | Reached XP level 24. HP: 204/226 MP: 19/19
 70149 | Vaults:5 | Your ally Saint Roka died
 70159 | Vaults:5 | Killed Xtahua
 70885 | Vaults:5 | Found Vonou's Jewellery Shop.
 71681 | Zot:1    | Entered Level 1 of the Realm of Zot
 72099 | Zot:1    | Identified the ring "Gonu Dao" {Ice rElec}
 72099 | Zot:1    | Identified the talisman of death of the Eternal Fruit
                  | {Will+}
 72099 | Zot:1    | Noticed Josephina
 72116 | Zot:1    | Killed Josephina
 72524 | Zot:1    | Noticed Turgor's ghost (veteran DrSh)
 72558 | Zot:1    | Found a runed translucent door.
 73131 | Orc:2    | Bought a scroll of fear for 60 gold pieces
 73131 | Orc:2    | Bought a scroll of revelation for 112 gold pieces
 73131 | Orc:2    | Bought a scroll of teleportation for 45 gold pieces
 73131 | Orc:2    | Bought a scroll of fog for 60 gold pieces
 73131 | Orc:2    | Bought a scroll of enchant armour for 112 gold pieces
 73131 | Orc:2    | Bought a scroll of revelation for 112 gold pieces
 73289 | Shoals:1 | Bought a scroll of fear for 60 gold pieces
 73289 | Shoals:1 | Bought a scroll of fog for 60 gold pieces
 73289 | Shoals:1 | Bought a scroll of immolation for 60 gold pieces
 73478 | Elf:2    | Bought a potion of resistance for 170 gold pieces
 73852 | Zot:2    | Upgraded the game from 0.31-a0-1001-g770356a28f to
                  | 0.31-a0-1008-g5b978dac0e
 74546 | Zot:2    | Found a transporter.
 74550 | Zot:2    | Found a transporter.
 74572 | Zot:2    | Found a transporter.
 74589 | Zot:2    | Found a transporter.
 75802 | Zot:3    | Reached skill level 22 in Evocations
 77630 | Zot:3    | Found a stormy altar of Qazlal.
 77650 | Zot:3    | Found a stormy altar of Qazlal.
 78453 | Zot:4    | Reached skill level 23 in Evocations
 79099 | Zot:4    | Reached XP level 25. HP: 224/238 MP: 19/19
 79681 | Zot:4    | Upgraded the game from 0.31-a0-1008-g5b978dac0e to
                  | 0.31-a0-1009-g454b1f1e0a
 80244 | Zot:5    | Entered Level 5 of the Realm of Zot
 80495 | Zot:4    | Reached skill level 24 in Evocations
 81369 | Zot:5    | Noticed an ancient lich
 81401 | Zot:5    | Noticed an orb of fire
 81402 | Zot:5    | Noticed a dread lich
 81404 | Zot:5    | Killed a dread lich
 81408 | Zot:5    | Noticed an orb of fire
 81435 | Zot:5    | Noticed an orb of fire
 81435 | Zot:5    | Noticed a Killer Klown
 81441 | Zot:5    | Noticed a Killer Klown
 81442 | Zot:5    | Noticed a Killer Klown
 81451 | Zot:4    | Gained mutation: Your spells are a little easier to cast,
                  | but a little less powerful. [an orb of fire]
 81463 | Zot:4    | Gained mutation: You are dopey. (Int -2) [an orb of fire]
 81466 | Zot:4    | Gained mutation: Armour fits poorly on your strangely
                  | shaped body. [an orb of fire]
 81467 | Zot:4    | Killed an orb of fire
 81593 | Zot:4    | a Killer Klown changed into a fire giant
 81604 | Zot:5    | Noticed a Killer Klown
 81607 | Zot:5    | Noticed an orb of fire
 81609 | Zot:5    | Killed a Killer Klown
 81624 | Zot:4    | Gained mutation: You are frail. (-10% HP) [an orb of fire]
 81637 | Zot:4    | Killed an orb of fire
 81811 | Zot:5    | Noticed a Killer Klown
 81813 | Zot:5    | a Killer Klown changed into an iron dragon
 81903 | Zot:5    | Noticed a Killer Klown
 81907 | Zot:4    | Killed a Killer Klown
 82482 | Zot:4    | Killed a Killer Klown
 82594 | Zot:5    | Noticed a Killer Klown
 82639 | Zot:5    | Killed a Killer Klown
 82741 | Zot:5    | Noticed an ancient lich
 83212 | Zot:5    | Lost mutation: Your spells are a little easier to cast, but
                  | a little less powerful. [potion of mutation]
 83212 | Zot:5    | Lost mutation: Your magical capacity is low. (-10% MP)
                  | [potion of mutation]
 83212 | Zot:5    | Lost mutation: Your body sometimes deteriorates upon taking
                  | damage. [potion of mutation]
 83212 | Zot:5    | Lost mutation: You are dopey. (Int -2) [potion of mutation]
 83212 | Zot:5    | Gained mutation: You are dopey. (Int -2) [potion of
                  | mutation]
 83212 | Zot:5    | Gained mutation: You have large cloven feet. [potion of
                  | mutation]
 83213 | Zot:5    | Lost mutation: Armour fits poorly on your strangely shaped
                  | body. [potion of mutation]
 83213 | Zot:5    | Lost mutation: You have large cloven feet. [potion of
                  | mutation]
 83213 | Zot:5    | Gained mutation: You are weak. (Str -2) [potion of
                  | mutation]
 83213 | Zot:5    | Gained mutation: You sometimes lose your temper in combat.
                  | [potion of mutation]
 83214 | Zot:5    | Lost mutation: You are weak. (Str -2) [potion of mutation]
 83214 | Zot:5    | Lost mutation: You sometimes lose your temper in combat.
                  | [potion of mutation]
 83214 | Zot:5    | Gained mutation: You are occasionally teleported next to
                  | monsters. [potion of mutation]
 83214 | Zot:5    | Gained mutation: Your body sometimes deteriorates upon
                  | taking damage. [potion of mutation]
 83214 | Zot:5    | Gained mutation: You are very dopey. (Int -4) [potion of
                  | mutation]
 83215 | Zot:5    | Lost mutation: Your body sometimes deteriorates upon taking
                  | damage. [potion of mutation]
 83215 | Zot:5    | Lost mutation: You are very dopey. (Int -4) [potion of
                  | mutation]
 83215 | Zot:5    | Lost mutation: You are dopey. (Int -2) [potion of mutation]
 83215 | Zot:5    | Gained mutation: You are dopey. (Int -2) [potion of
                  | mutation]
 83216 | Zot:5    | Lost mutation: You are frail. (-10% HP) [potion of
                  | mutation]
 83216 | Zot:5    | Lost mutation: You are occasionally teleported next to
                  | monsters. [potion of mutation]
 83216 | Zot:5    | Gained mutation: You occasionally lose the ability to drink
                  | potions when taking damage. [potion of mutation]
 83394 | Zot:4    | Lost mutation: You occasionally lose the ability to drink
                  | potions when taking damage. [potion of mutation]
 83394 | Zot:4    | Lost mutation: You are dopey. (Int -2) [potion of mutation]
 83394 | Zot:4    | Gained mutation: Your spells are a little easier to cast,
                  | but a little less powerful. [potion of mutation]
 83394 | Zot:4    | Gained mutation: You are resistant to electric shocks.
                  | (rElec) [potion of mutation]
 83394 | Zot:4    | Gained mutation: A frigid envelope surrounds you and
                  | freezes all who hurt you. [potion of mutation]
 83404 | Zot:5    | Killed a Killer Klown
 83434 | Zot:4    | Killed an ancient lich
 84466 | Zot:5    | Got the Orb of Zot
 85048 | D:$      | Escaped with the Orb!

Illustrated notes

Levels and vault maps discovered:
D:1:      minmay_arrival_widening_spiral_wide, layout_loops_corners,
          serial_shops, shop
D:2:      layout_basic, hangedman_decor_opposing, minivault_26,
          uniq_crazy_yiuf_cottage, uniq_sigmund
D:3:      layout_basic, serial_shops, shop, nicolae_shop_rolling_square
D:4:      layout_basic, nicolae_wu_jian_wuxing_cycle, minmay_temple_entry_tees
D:5:      layout_basic
D:6:      cheibrodos_quashed, layout_basic, mainiacjoe_overflow_big_doors,
          uniq_pikel
D:7:      layout_basic, nicolae_ru_great_annihilating_truth, enter_bailey_5
D:8:      layout_cave_pools, uniq_grum
D:9:      kennysheep_windowed_halls, layout_loops_ring,
          mainiacjoe_overflow_boulevard, bh_circular_ruins, uniq_amaemon
D:10:     layout_roguey, kennysheep_mini_moat, minivault_14
D:11:     layout_cave_pools, due_lair_maze_entry_diamond
D:12:     layout_rooms, orc_david_3, nicolae_hepliaklqana_hippocampus
D:13:     layout_irregular_city, kennysheep_doodads, hangedman_tell_no_tales
D:14:     layout_layer_cave, hellmonk_vaults_order_and_chaos,
          nicolae_kite_square_tiling_tiny, small_chamber_with_monster
D:15:     hangedman_depths_entry_try_elsewhere_first, layout_long_grid,
          nrook_pool_corridor, gammafunk_ghost_cemetery,
          yredelemnul_altar_generic, uniq_azrael
Temple:   compressed_dpeg_triangle_lava_temple
Lair:1:   gammafunk_cloud_chamber, layout_long_grid, st_stairs_7,
          chequers_serial_rivers_micro_b, serial_bayou_shore_b,
          grunt_megastairs_2, serial_bayou_shore_a
Lair:2:   dreamdust_cave_troll, layout_regular_city,
          minmay_snake_entry_guardpost_small
Lair:3:   layout_hall_layers, minmay_shoals_entry_beasts,
          maelrawn_ghost_gauntlet_escape, lemuel_fruit_fields,
          grunt_megastairs_4
Lair:4:   layout_cave_pods
Lair:5:   minmay_lair_end_frog_pond, layout_loops_ring,
          nicolae_slime_entry_field_trip
Shoals:1: layout_shoals, serial_shops, shop
Shoals:2: layout_shoals
Shoals:3: layout_shoals
Shoals:4: shoals_end_grunt_garden, layout_shoals
Snake:1:  gammafunk_the_bubble [the_bubble_gammafunk_plus_minus],
          layout_grid_shapes, minmay_shoptagon
Snake:2:  layout_onion_interference, gammafunk_ghost_arena, grunt_megastairs_5
Snake:3:  cheibrodos_snake_lava_hold, layout_gridlike, lemuel_fruit_tree,
          nicolae_triple_integral
Snake:4:  johnstein_snake_rune_scales, layout_cave_shapes
Slime:1:  layout_caves
Slime:2:  layout_caves
Slime:3:  layout_caves
Slime:4:  layout_caves
Slime:5:  slime_pit_nicolae_block_by_block
Orc:1:    layout_caves, lemuel_statue_altar, uniq_urug
Orc:2:    pf_orc_diabolical, layout_caves, guppyfry_library_mini
Elf:1:    layout_gridlike, serial_shops, shop, orc_legates
Elf:2:    elven_hall_of_blades_hangedman_original
          [nicolae_vaults_blade_armed_guards], layout_geoelf_octagon,
          serial_shops, shop
Elf:3:    minmay_elf_hall_curves, layout_gridlike
Vaults:1: nicolae_vaults_shipping_containers_7, nicolae_vaults_diamond_1,
          nicolae_vaults_ellipses_ellipsis, vaults_room_grunt_arrival_ludios,
          serial_ice_m, v_misc_11, nicolae_vaults_closet_pinwheel_5,
          nicolae_vaults_tetromino_Z_1, vaults_room_grid, v_misc_28,
          vaults_room_mumra_shop_pool, layout_vaults_omnicross, serial_shops,
          shop, uniq_nikola
Vaults:2: minmay_crypt_entry_simple_sparse, nicolae_vaults_diamond_1,
          nicolae_vaults_closet_pinwheel_1, v_alt_pattern_6,
          nicolae_vaults_double_plus_1, vaults_dpeg_ring,
          nicolae_vaults_mini_display_case, nicolae_vaults_apartment_1,
          layout_vaults_omnigrid, serial_shops, shop
Vaults:3: hangedman_vaults_maws, hangedman_vaults_trim, nicolae_vaults_prndl,
          v_misc_27, ontoclasm_vaults_gateway, nicolae_vaults_house_1, v_misc_2,
          ontoclasm_vaults_spin, nicolae_vaults_two_Ls,
          nicolae_vaults_tetromino_Z_1, nicolae_vaults_security_offices_4,
          nicolae_vaults_wrenched, v_misc_22, vaults_room_semicircle,
          layout_vaults_maze_bifur
Vaults:4: st_hourglassy, v_misc_18, grunt_vaults_funnel,
          nicolae_vaults_tetromino_T_1, vaults_room_door_ring,
          ontoclasm_vaults_twist, nicolae_vaults_trapezoid_lopsided_1,
          hangedman_vaults_variations, vaults_room_pool,
          nicolae_vaults_trapezoid_1, layout_vaults_omnibox
Vaults:5: serial_shops, uniq_saint_roka, uniq_xtahua
Depths:1: layout_gridville, nicolae_hell_entry_hellmouth_sunbeams, drop_trap,
          serial_bayou_lagoon_a, nrook_uturn, roderic_roman_lattice,
          serial_sigils_hangedman_scar, minivault_10, grunt_decor_cap,
          minmay_misc_feat_columns, kilobyte_rumbling_trees
Depths:2: wad_guarded_room, layout_basic, abyss_entry,
          grunt_hell_entry_dis_grunt, good_gods_temple_1,
          grunt_pan_entry_zigzag, minmay_staircase_windowed_large
Depths:3: minmay_spiral_squares, layout_cave_pools, enter_ziggurat_f,
          hangedman_abyss_or_decor_stabs, hell_entry, minmay_room_of_horrors
Depths:4: grunt_zot_entry_gee_three, layout_long_grid, hell_entry,
          nicolae_sif_muna_condensation, serial_bayou_crossing, uniq_vv
Zot:1:    layout_misc_corridors, hellmonk_ghost_big_iron,
          regret_index_zotdec_twisting_globes, uniq_josephina
Zot:2:    layout_concentric_octagons, drop_trap,
          regret_index_zotdec_glowing_original, nicolae_transporter_circle
Zot:3:    layout_basic, regret_index_zotdec_storm_pass, nicolae_lava_and_water
Zot:4:    kennysheep_room_grid, layout_cathedral_of_symmetry
Zot:5:    layout_basic

Skill      XL: |  1  2  3  4  5  6  7  8  9 10 11 12 13 14 15 16 17 18 19 20 21 22 23 24 25 |
---------------+----------------------------------------------------------------------------+-----
Maces & Flails | 4 6 7 9 11 12 13 14 | 14.0
Fighting       | 5 6 8 9 10 13 14 15 17 18 20 22 23 | 23.7
Armour         | 2 3 5 7 8 10 12 13 15 16 17 18 20 | 20.0
Evocations     | 7 10 11 12 14 16 18 19 20 21 23 24 | 24.9
Dodging        | 6 10 11 12 13 15 16 18 | 18.0
Throwing       | 3 11 13 14 15 16 17 21 | 21.0
Shields        | 4 14 15 18 | 18.0

Action                     |  1- 3 |  4- 6 |  7- 9 | 10-12 | 13-15 | 16-18 | 19-21 | 22-24 | 25-27 || total
---------------------------+-------+-------+-------+-------+-------+-------+-------+-------+-------++-------
  Melee: Mace              |    18 |    72 |       |       |       |       |       |       |       ||    90
         Headbutt          |     6 |    28 |    55 |   224 |   525 |   508 |   775 |   814 |   138 ||  3073
         Morningstar       |       |    28 |   231 |    30 |       |       |       |       |       ||   289
         Demon whip        |       |       |       |   596 |  1607 |  1711 |  2072 |  2087 |   409 ||  8482
  Throw: Javelin           |       |       |       |     2 |     4 |    22 |    22 |    17 |       ||    67
         Boomerang         |       |       |       |       |    37 |   101 |   129 |   256 |   103 ||   626
         Dart              |       |       |       |       |     4 |       |       |       |       ||     4
         Throwing net      |       |       |       |       |       |       |       |       |     2 ||     2
 Invoke: Potion Petition   |       |       |       |       |       |     3 |     7 |     2 |       ||    12
         Bribe Branch      |       |       |       |       |       |       |       |     1 |     2 ||     3
  Evoke: Wand              |       |       |       |     5 |    21 |     9 |     3 |    10 |     2 ||    50
         Phial of floods   |       |       |       |       |     1 |       |     2 |       |       ||     3
         Lightning rod     |       |       |       |       |       |     8 |    24 |     3 |       ||    35
    Use: Scroll            |       |    12 |     4 |    10 |     7 |    10 |    15 |    11 |     4 ||    73
         Potion            |       |       |     3 |     2 |     5 |     4 |     9 |     4 |    10 ||    37
   Stab: Paralysed         |       |       |     1 |       |       |       |       |       |       ||     1
         Distracted        |       |       |       |     1 |     7 |     5 |     9 |    15 |       ||    37
         Invisible         |       |       |       |       |     5 |       |     1 |       |       ||     6
 Armour: Robe              |    12 |     5 |       |       |       |       |       |       |       ||    17
         Plate armour      |       |    68 |   267 |   334 |   288 |       |       |       |       ||   957
         Scale mail        |       |       |       |       |   310 |       |       |       |       ||   310
         Chain mail        |       |       |       |       |    82 |   526 |   381 |       |       ||   989
         Storm dragon scal |       |       |       |       |       |       |   138 |   812 |   151 ||  1101
  Dodge: Dodged            |    10 |    30 |    69 |   226 |   710 |   301 |   413 |   481 |    84 ||  2324
  Block: Tower shield      |       |       |       |       |   460 |  1503 |  1466 |  1753 |   267 ||  5449
         Reflection        |       |       |       |       |    35 |   236 |    77 |    50 |    14 ||   412

Table legend: (Time is in decaauts)
 A = Elapsed time spent in this place.
 B = Non-inter-level travel time spent in this place.
 C = Inter-level travel time spent in this place.
 D = Time resting spent in this place.
 E = Time spent auto-exploring this place.
 F = Levels seen in this place.
 G = Mean time per level.
                   A        B        C        D        E       F      G
               +--------+--------+--------+--------+--------+-----+--------+
         Total |  81840 |  74058 |   7782 |  21129 |  24156 |  54 | 1515.6 |
       Dungeon |  16719 |  13922 |   2797 |   1457 |   7989 |  15 | 1114.6 |
        Temple |     36 |     18 |     18 |      0 |      0 |   1 |   36.0 |
          Lair |   8813 |   7545 |   1268 |   2282 |   2661 |   5 | 1762.6 |
        Shoals |   6881 |   6718 |    163 |   3062 |   1123 |   4 | 1720.2 |
     Snake Pit |   6926 |   6720 |    206 |   2119 |   1477 |   4 | 1731.5 |
    Slime Pits |   2036 |   1987 |     49 |    485 |    231 |   5 |  407.2 |
  Orcish Mines |   2731 |   2298 |    433 |    208 |    526 |   2 | 1365.5 |
   Elven Halls |   5885 |   5388 |    497 |   1599 |   1520 |   3 | 1961.7 |
        Vaults |  11712 |  11022 |    690 |   3462 |   3470 |   5 | 2342.4 |
        Depths |   8693 |   7412 |   1281 |   2316 |   2044 |   4 | 2173.2 |
           Zot |  11200 |  10825 |    375 |   4034 |   3114 |   5 | 2240.0 |
        Bailey |    203 |    203 |      0 |    101 |      0 |   1 |  203.0 |
               +--------+--------+--------+--------+--------+-----+--------+

Top non-repeatable levels by time:
   Elf:3: 3662 daAuts
   Zot:4: 3659 daAuts
Shoals:3: 3124 daAuts
Depths:3: 3082 daAuts
   Zot:2: 3073 daAuts
Vaults:4: 2913 daAuts
Vaults:1: 2781 daAuts
  Lair:4: 2679 daAuts
   Zot:5: 2343 daAuts
Depths:4: 2261 daAuts
 Snake:3: 2182 daAuts
Vaults:5: 2168 daAuts
Vaults:2: 2093 daAuts
Depths:2: 2001 daAuts
  Lair:3: 1962 daAuts

Action                     |  1- 3 |  4- 6 |  7- 9 | 10-12 | 13-15 | 16-18 | 19-21 | 22-24 | 25-27 || total
---------------------------+-------+-------+-------+-------+-------+-------+-------+-------+-------++-------
  Melee: Mace              |    18 |    72 |       |       |       |       |       |       |       ||    90
         Headbutt          |     6 |    28 |    55 |   224 |   525 |   508 |   775 |   814 |   138 ||  3073
         Morningstar       |       |    28 |   231 |    30 |       |       |       |       |       ||   289
         Demon whip        |       |       |       |   596 |  1607 |  1711 |  2072 |  2087 |   409 ||  8482
  Throw: Javelin           |       |       |       |     2 |     4 |    22 |    22 |    17 |       ||    67
         Boomerang         |       |       |       |       |    37 |   101 |   129 |   256 |   103 ||   626
         Dart              |       |       |       |       |     4 |       |       |       |       ||     4
         Throwing net      |       |       |       |       |       |       |       |       |     2 ||     2
 Invoke: Potion Petition   |       |       |       |       |       |     3 |     7 |     2 |       ||    12
         Bribe Branch      |       |       |       |       |       |       |       |     1 |     2 ||     3
  Evoke: Wand              |       |       |       |     5 |    21 |     9 |     3 |    10 |     2 ||    50
         Phial of floods   |       |       |       |       |     1 |       |     2 |       |       ||     3
         Lightning rod     |       |       |       |       |       |     8 |    24 |     3 |       ||    35
    Use: Scroll            |       |    12 |     4 |    10 |     7 |    10 |    15 |    11 |     4 ||    73
         Potion            |       |       |     3 |     2 |     5 |     4 |     9 |     4 |    10 ||    37
   Stab: Paralysed         |       |       |     1 |       |       |       |       |       |       ||     1
         Distracted        |       |       |       |     1 |     7 |     5 |     9 |    15 |       ||    37
         Invisible         |       |       |       |       |     5 |       |     1 |       |       ||     6
 Armour: Robe              |    12 |     5 |       |       |       |       |       |       |       ||    17
         Plate armour      |       |    68 |   267 |   334 |   288 |       |       |       |       ||   957
         Scale mail        |       |       |       |       |   310 |       |       |       |       ||   310
         Chain mail        |       |       |       |       |    82 |   526 |   381 |       |       ||   989
         Storm dragon scal |       |       |       |       |       |       |   138 |   812 |   151 ||  1101
  Dodge: Dodged            |    10 |    30 |    69 |   226 |   710 |   301 |   413 |   481 |    84 ||  2324
  Block: Tower shield      |       |       |       |       |   460 |  1503 |  1466 |  1753 |   267 ||  5449
         Reflection        |       |       |       |       |    35 |   236 |    77 |    50 |    14 ||   412
